[Event "Titled Tuesday Blitz February 22 Early 2022"]
[White "Przybylski, Wojciech"]
[Black "Urazayev, Arystanbek"]
[WhiteFideId "1117599"]
[BlackFideId "13709810"]
[WhiteElo "2133"]
[BlackElo "2321"]
[Result "0-1"]
[Round "05"]
[TimeControl "180+1"]
[Date "2022.02.22"]
[WhiteClock "0:00:02"]
[BlackClock "0:00:32"]

1. e4 c5 2. Nf3 e6 3. b3 b6 4. Bb2 Bb7 5. Qe2 Nf6 6. e5 Nd5 7. Nc3 Be7 8. O-O-O O-O 9. Ne4 Nc6 10. d4 cxd4 11. Nxd4 Nxe5 12. Nxe6 fxe6 13. Bxe5 Ba3+ 14. Kb1 Rc8 15. Qg4 Qe7 16. Bd3 d6 17. Ba1 Nf4 18. Ng5 h6 19. Nh7 Nxd3 20. Nxf8 Nxf2 21. Qxe6+ Kxf8 22. Qxe7+ Kxe7 23. Rhe1+ Kd7 24. Rd4 g5 25. Rf1 Bc5 26. Rd2 Ne4 27. Re2 d5 28. c3 Ba6 29. Rf7+ Ke6 30. Rxe4+ dxe4 31. Rxa7 Bd3+ 32. Kb2 Be3 33. b4 Bd2 34. Rg7 Bxc3+ 35. Kb3 Bxg7 0-1


[Site "https://www.chess.com"]

[Event "Titled Tuesday Blitz February 22 Early 2022"]
[White "Qashashvili, Alexandre"]
[Black "Wachinger, Guenther"]
[WhiteFideId "13600842"]
[BlackFideId "4604261"]
[WhiteElo "2316"]
[BlackElo "2212"]
[Result "1-0"]
[Round "05"]
[TimeControl "180+1"]
[Date "2022.02.22"]
[WhiteClock "0:00:18"]
[BlackClock "0:00:31"]

1. e4 c5 2. Nc3 a6 3. Nf3 e6 4. Be2 d5 5. exd5 exd5 6. d4 Nf6 7. O-O Nc6 8. h3 cxd4 9. Nxd4 Bc5 10. Nxc6 bxc6 11. Bg5 O-O 12. Bd3 h6 13. Bh4 a5 14. Qf3 Be7 15. Ne2 Rb8 16. Nd4 Bd7 17. b3 Ne8 18. Bxe7 Qxe7 19. Rfe1 Qc5 20. Nf5 a4 21. Qg3 Bxf5 22. Qxb8 Bxd3 23. Rxe8 Bxc2 24. Rxf8+ Qxf8 25. Qxf8+ Kxf8 26. Rc1 axb3 27. axb3 Bxb3 28. Rxc6 Ke7 29. Kf1 Ba4 30. Rb6 Bd7 31. Ke2 Be6 32. Ke3 Kf6 33. Kd4 Kf5 34. Ke3 g5 35. Kd4 h5 36. Rb3 h4 37. Rf3+ Kg6 38. Ke5 Kh5 39. Kf6 g4 40. hxg4+ Kxg4 41. Ke5 Kg5 42. Rf4 h3 43. gxh3 Bxh3 44. Rxf7 Kg6 45. Rf4 Kg5 46. Rf8 Kg6 47. Kxd5 Kg7 48. Rf4 Bg2+ 49. Ke5 1-0


[Site "https://www.chess.com"]

[Event "Titled Tuesday Blitz February 22 Early 2022"]
[White "Quirke, Jeffrey"]
[Black "Dounis, Alexandros"]
[WhiteFideId "2013029"]
[BlackFideId "4213238"]
[WhiteElo "2212"]
[BlackElo "2195"]
[Result "1/2-1/2"]
[Round "05"]
[TimeControl "180+1"]
[Date "2022.02.22"]
[WhiteClock "0:01:27"]
[BlackClock "0:01:34"]

1. c4 e5 2. g3 Nf6 3. Bg2 Bc5 4. e3 d6 5. Ne2 O-O 6. O-O a6 7. d4 Ba7 8. Nbc3 Nc6 9. b3 Re8 10. Bb2 Bf5 11. Nd5 exd4 12. Nxd4 Nxd4 13. Bxd4 Bxd4 14. Qxd4 Nxd5 15. cxd5 Qe7 16. Rac1 Rac8 17. Rc3 Be4 18. Rfc1 Bxg2 19. Kxg2 Qd7 20. Qa7 Qb5 21. Rxc7 Qxd5+ 22. Kg1 Rxc7 23. Rxc7 Qd1+ 24. Kg2 Qd5+ 25. Kg1 Qd1+ 26. Kg2 Qd5+ 27. Kg1 1/2-1/2


[Site "https://www.chess.com"]

[Event "Titled Tuesday Blitz February 22 Early 2022"]
[White "Rangel, Daniel"]
[Black "Djokic, Mihailo"]
[WhiteFideId "2124475"]
[BlackFideId "976440"]
[WhiteElo "2187"]
[BlackElo "2008"]
[Result "0-1"]
[Round "05"]
[TimeControl "180+1"]
[Date "2022.02.22"]
[WhiteClock "0:00:25"]
[BlackClock "0:01:50"]

1. b3 e5 2. Bb2 Nc6 3. Nf3 e4 4. Nd4 Nxd4 5. Bxd4 c5 6. Bb2 d5 7. e3 Nf6 8. Bb5+ Nd7 9. d3 a6 10. Bxd7+ Bxd7 11. dxe4 dxe4 12. Nc3 Bc6 13. Qxd8+ Rxd8 14. Ke2 Be7 15. Rhd1 O-O 16. Rxd8 Rxd8 17. Rd1 Rxd1 18. Kxd1 f5 19. Ne2 Kf7 20. c4 g6 21. g3 Bd6 22. h4 b5 23. cxb5 axb5 24. Nc3 b4 25. Nb1 Ke6 26. Nd2 Kd5 27. Nc4 Bc7 28. a4 Bxa4 29. Nd2 Bb5 30. Kc2 Bd3+ 31. Kd1 Kc6 32. Kc1 Kb5 33. Kd1 c4 34. bxc4+ Bxc4 35. Nxc4 Kxc4 36. Kc2 Ba5 37. Bd4 b3+ 38. Kd1 Bc3 0-1


[Site "https://www.chess.com"]

[Event "Titled Tuesday Blitz February 22 Early 2022"]
[White "Reprintsev, Alexander"]
[Black "volunteers1998"]
[WhiteFideId "14100541"]
[WhiteElo "2126"]
[BlackElo "2264"]
[Result "1/2-1/2"]
[Round "05"]
[TimeControl "180+1"]
[Date "2022.02.22"]
[WhiteClock "0:01:56"]
[BlackClock "0:00:18"]

1. e4 c5 2. b3 Nc6 3. Bb2 e5 4. f4 exf4 5. Qf3 Nf6 6. Qxf4 Be7 7. e5 Nd5 8. Qe4 Nb6 9. Nf3 O-O 10. Bd3 g6 11. O-O d5 12. exd6 Qxd6 13. Ne5 Be6 14. Nxc6 Qxc6 15. Qxc6 bxc6 16. c4 Rad8 17. Be4 f5 18. Bxc6 Bf6 19. Bxf6 Rxf6 20. Bf3 Bd7 21. Rd1 Bc6 22. Bxc6 Rxc6 23. a3 Rcd6 24. Ra2 Rd3 25. Nc3 Rxc3 26. dxc3 Rxd1+ 27. Kf2 Rb1 28. b4 cxb4 29. axb4 Nxc4 30. Rxa7 Rc1 31. Rc7 Rxc3 32. b5 Rc2+ 33. Ke1 Rxg2 34. Rxc4 Rb2 35. Rc5 Rxh2 36. Kd1 Rb2 37. Kc1 Rb4 38. Kc2 f4 39. Kc3 Rb1 40. Kc2 Rb4 41. Kc3 Rb1 42. Kc2 Rb4 1/2-1/2


[Site "https://www.chess.com"]

[Event "Titled Tuesday Blitz February 22 Early 2022"]
[White "Richter, Nils"]
[Black "Ginzburg, Yakov"]
[WhiteFideId "12990809"]
[BlackFideId "4157176"]
[WhiteElo "2289"]
[BlackElo "2265"]
[Result "1/2-1/2"]
[Round "05"]
[TimeControl "180+1"]
[Date "2022.02.22"]
[WhiteClock "0:00:05"]
[BlackClock "0:00:02"]

1. e4 c5 2. Nf3 e6 3. b3 Nf6 4. Bd3 Nc6 5. Bb2 Be7 6. O-O O-O 7. Re1 d5 8. exd5 Nxd5 9. Na3 Bf6 10. Bxf6 Qxf6 11. Nc4 Nf4 12. Bf1 b6 13. Nfe5 Nxe5 14. Nxe5 Bb7 15. Qg4 Rad8 16. d3 h5 17. Qg3 h4 18. Qg4 Rd4 19. c3 Rd5 20. Nf3 h3 21. g3 Nxd3 22. Re3 Rfd8 23. Bxh3 Qxc3 24. Rf1 Qf6 25. Bg2 R5d6 26. Ng5 Bxg2 27. Kxg2 Qg6 28. h4 Rd4 29. Qe2 b5 30. Nf3 R4d5 31. Kh2 c4 32. bxc4 bxc4 33. Nd2 Rc8 34. Ne4 Rd4 35. Nc3 Rc5 36. Re4 Rxe4 37. Nxe4 Rc6 38. Rd1 Qf5 39. Rxd3 cxd3 40. Qxd3 Rc8 41. Qe3 Qe5 42. Kg2 Qd5 43. Kh2 Rd8 44. Ng5 Qd4 45. Qf3 Qf6 46. Qe3 a6 47. Qe4 g6 48. Qe3 Rb8 49. Ne4 Qe5 50. Qf3 Qg7 51. Nf6+ Kh8 52. Qf4 Rb2 53. Kg2 Rb7 54. Qd4 Qf8 55. Nd7+ Qg7 56. Nf6 Qf8 57. Nd7+ Qg7 58. Nf6 1/2-1/2


[Site "https://www.chess.com"]

[Event "Titled Tuesday Blitz February 22 Early 2022"]
[White "Roberson, Peter T"]
[Black "Moskvin, Anatoly"]
[WhiteFideId "412384"]
[BlackFideId "24199990"]
[WhiteElo "2346"]
[BlackElo "2079"]
[Result "0-1"]
[Round "05"]
[TimeControl "180+1"]
[Date "2022.02.22"]
[WhiteClock "0:00:06"]
[BlackClock "0:00:04"]

1. e4 e5 2. Nf3 d5 3. Nxe5 dxe4 4. d4 Bd6 5. Nc3 Nf6 6. Bg5 Bf5 7. f3 Bxe5 8. dxe5 Qxd1+ 9. Rxd1 Nfd7 10. Nxe4 Bxe4 11. fxe4 O-O 12. e6 fxe6 13. Bc4 Re8 14. O-O Ne5 15. Bb3 Nbd7 16. Bf4 a5 17. a3 a4 18. Ba2 Ra6 19. Rd4 c5 20. Rd2 Rb6 21. c3 c4 22. Rfd1 Re7 23. Kf2 Nd3+ 24. Ke3 Nxf4 25. Kxf4 Rf7+ 26. Ke3 Ne5 27. h3 g5 28. Rf2 Rxf2 29. Kxf2 Rxb2+ 30. Ke3 Rxa2 31. Rb1 Rxg2 32. Rxb7 Rg3+ 33. Kd4 Nf3+ 34. Kc5 Rxh3 35. Kd6 g4 36. Kxe6 Rh6+ 37. Kf5 g3 38. Rb8+ Kf7 39. Rb7+ Ke8 40. Rg7 Rg6 41. Rxh7 g2 42. Kxg6 g1=Q+ 43. Kf5 Qg5+ 44. Ke6 Qe5# 0-1


[Site "https://www.chess.com"]

[Event "Titled Tuesday Blitz February 22 Early 2022"]
[White "Rodchenkov, Sergey D."]
[Black "Mikhnenko, Alexander"]
[WhiteFideId "4168712"]
[BlackFideId "34143014"]
[WhiteElo "2306"]
[BlackElo "2140"]
[Result "0-1"]
[Round "05"]
[TimeControl "180+1"]
[Date "2022.02.22"]
[WhiteClock "0:00:09"]
[BlackClock "0:00:25"]

1. e4 c5 2. Nf3 e6 3. d4 cxd4 4. Nxd4 Nf6 5. Nc3 Nc6 6. Nxc6 bxc6 7. e5 Nd5 8. Ne4 Qc7 9. f4 Qb6 10. c4 Bb4+ 11. Ke2 Ba6 12. Kf3 f5 13. Nf2 Ne7 14. Be3 Bc5 15. Bxc5 Qxc5 16. Qd6 Qxd6 17. exd6 Ng6 18. Re1 O-O 19. h4 Rab8 20. b3 c5 21. Rd1 Nh8 22. Nd3 Nf7 23. Nxc5 Bb7+ 24. Kg3 Bc6 25. Be2 e5 26. Bf3 e4 27. Bh5 g6 28. Be2 h5 29. Rd4 Rfe8 30. Rb1 a5 31. a3 Ra8 32. b4 axb4 33. axb4 Ra3+ 34. Rb3 Ra2 35. b5 Bxb5 36. cxb5 Rxe2 37. b6 Rc2 38. Nxd7 e3 39. Nf6+ Kh8 40. Nxe8 e2 41. Re3 Rc3 42. Rxc3 e1=Q+ 43. Kh2 Qxc3 44. Rd1 Qc6 45. d7 Qxb6 46. Nf6 Qxf6 47. Re1 Nd8 48. Re8+ Kg7 49. g3 Kf7 50. Kh3 Qe7 51. Rh8 Qxd7 52. Rh7+ Ke6 53. Rxd7 Kxd7 54. Kg2 Ke6 55. Kf3 Kd5 56. g4 fxg4+ 57. Kg3 Ne6 58. f5 gxf5 59. Kf2 f4 60. Kg2 Ke4 61. Kf2 f3 0-1


[Site "https://www.chess.com"]

[Event "Titled Tuesday Blitz February 22 Early 2022"]
[White "Roman, Rodrigo"]
[Black "Krutko, Anatoly"]
[WhiteFideId "3701220"]
[BlackFideId "4185862"]
[WhiteElo "2001"]
[BlackElo "2378"]
[Result "0-1"]
[Round "05"]
[TimeControl "180+1"]
[Date "2022.02.22"]
[WhiteClock "0:02:00"]
[BlackClock "0:02:02"]

1. c3 g6 2. Qa4 e5 3. Kd1 Nc6 4. f3 Bg7 5. Qb5 a6 6. Qc5 Nf6 7. Qf2 O-O 8. Qe1 d5 9. d3 e4 10. d4 exf3 11. exf3 Re8 12. Qf2 Bf5 13. Bg5 h6 14. Bh4 Qd7 15. Nd2 b5 16. Ne4 dxe4 17. Be2 e3 18. Qe1 Nxd4 19. cxd4 Qxd4+ 20. Kc1 Ne4 0-1


[Site "https://www.chess.com"]

[Event "Titled Tuesday Blitz February 22 Early 2022"]
[White "Sadhwani, Raunak"]
[Black "Weetik, Vjacheslav"]
[WhiteFideId "35093487"]
[BlackFideId "4153472"]
[WhiteElo "2616"]
[BlackElo "2469"]
[Result "1-0"]
[Round "05"]
[TimeControl "180+1"]
[Date "2022.02.22"]
[WhiteClock "0:00:34"]
[BlackClock "0:00:04"]

1. d4 Nf6 2. Nf3 g6 3. Nc3 Bg7 4. e4 d6 5. Be3 O-O 6. Qd2 a6 7. Bh6 b5 8. Bd3 Bb7 9. h4 e5 10. d5 Bxh6 11. Qxh6 Ng4 12. Qd2 Nd7 13. h5 Nc5 14. a3 c6 15. Rh4 Nf6 16. hxg6 fxg6 17. O-O-O cxd5 18. exd5 Qe7 19. Be2 Rac8 20. Rdh1 e4 21. Ng5 h5 22. g4 Nxd5 23. Nxd5 Qe5 24. Nc3 e3 25. Qxe3 Qxe3+ 26. fxe3 Bxh1 27. Rxh1 Rce8 28. gxh5 gxh5 29. Rg1 Rxe3 30. Ne6+ Kf7 31. Nxf8 Kxf8 32. Bxh5 1-0


[Site "https://www.chess.com"]

[Event "Titled Tuesday Blitz February 22 Early 2022"]
[White "Sahil, Tickoo"]
[Black "Csonka, Balazs"]
[WhiteFideId "5019710"]
[BlackFideId "742910"]
[WhiteElo "2099"]
[BlackElo "2404"]
[Result "0-1"]
[Round "05"]
[TimeControl "180+1"]
[Date "2022.02.22"]
[WhiteClock "0:00:22"]
[BlackClock "0:00:02"]

1. d4 Nf6 2. c4 e6 3. Nc3 d5 4. cxd5 exd5 5. Bg5 c6 6. e3 Be7 7. Bd3 Nbd7 8. Qc2 Nh5 9. Bxe7 Qxe7 10. Nge2 g6 11. g4 Ng7 12. O-O-O Nb6 13. h3 h5 14. Nf4 g5 15. Nxh5 Nxh5 16. gxh5 Rxh5 17. Qe2 Rxh3 18. Rxh3 Bxh3 19. Qh5 Be6 20. Rg1 g4 21. Qh8+ Kd7 22. Qg7 f5 23. Qe5 Rf8 24. Rh1 Nc8 25. Na4 b6 26. Rh6 Qd6 27. Rh7+ Ne7 28. Qg7 Rf7 29. Qh6 Rxh7 30. Qxh7 g3 31. fxg3 Qxg3 32. Qh6 Qe1+ 33. Kc2 Qf2+ 34. Kc1 Qg1+ 35. Kc2 Qg2+ 36. Kc1 Qg6 37. Qf4 Qg1+ 38. Kc2 Ng6 39. Qb8 Qf2+ 40. Kc3 Qe1+ 41. Kc2 Qf2+ 42. Kc3 Qxe3 43. Qxa7+ Kd8 44. Qxb6+ Ke7 45. Qc7+ Kf6 46. Qxc6 Nf4 47. Nc5 Ne2+ 48. Kc2 Nxd4+ 49. Kd1 Nxc6 50. Bc2 Qxc5 51. Kd2 Qd4+ 52. Bd3 f4 53. Kc2 Ne5 54. b3 Bf5 55. Kb1 Qxd3+ 56. Kc1 f3 57. Kb2 f2 58. Ka3 f1=Q 59. Ka4 Qe1 60. b4 Qc2+ 61. Ka5 Qxa2+ 62. Kb6 Qxb4+ 63. Kc7 d4 64. Kd8 d3 65. Kc7 d2 66. Kd8 Bc8 67. Kc7 Nf3 68. Kxc8 Nd4 69. Kc7 Nc6 70. Kc8 Ne7+ 71. Kc7 Nd5+ 72. Kd8 Nc7 73. Kd7 Qc2 74. Kc8 Qcb2 75. Kd7 Nd5 76. Kc8 Ne7+ 77. Kd7 Nc6 78. Ke8 Qe5+ 79. Kd7 d1=Q+ 80. Kc8 Qe6+ 81. Kc7 Qdd7# 0-1


[Site "https://www.chess.com"]

[Event "Titled Tuesday Blitz February 22 Early 2022"]
[White "Samaganova, Aleksandra"]
[Black "Dzhaparov, Medet"]
[WhiteFideId "13800221"]
[BlackFideId "13803689"]
[WhiteElo "1859"]
[BlackElo "1702"]
[Result "0-1"]
[Round "05"]
[TimeControl "180+1"]
[Date "2022.02.22"]
[WhiteClock "0:00:04"]
[BlackClock "0:00:23"]

1. c4 e5 2. Nc3 Nf6 3. Nf3 Nc6 4. a3 d5 5. cxd5 Nxd5 6. Qc2 Nxc3 7. bxc3 Bd6 8. e3 O-O 9. d4 exd4 10. cxd4 Re8 11. Be2 Ne7 12. O-O c6 13. h3 Ng6 14. Bd3 Rb8 15. Bf5 Bxf5 16. Qxf5 Ne7 17. Qc2 b5 18. Rd1 Rc8 19. Qb3 a5 20. Bd2 a4 21. Qb2 Nd5 22. Ne5 Nb6 23. Ba5 Qc7 24. Bxb6 Qxb6 25. Nc4 Qc7 26. Nxd6 Qxd6 27. Rac1 Rb8 28. Rc5 Rbc8 29. Rdc1 Re6 30. Rxb5 Rg6 31. Rb6 Qd7 32. Kf1 Qd5 33. f3 h6 34. Rc5 Qd6 35. Re5 Qf6 36. Rb8 Rxb8 37. Qxb8+ Kh7 38. Qb4 Qh4 39. Qe1 Qxe1+ 40. Kxe1 Rxg2 41. Ra5 Rh2 42. Rxa4 Rxh3 43. Kf2 Rh2+ 44. Kg3 Re2 45. Kf4 h5 46. Ra6 Ra2 47. Kg5 g6 48. Ra7 Kg7 49. e4 Rd2 50. Ra4 Rd3 51. Kf4 Kh6 52. Rc4 g5+ 53. Ke5 Rxf3 54. Rxc6+ Kg7 55. d5 Rxa3 56. d6 Rd3 57. Rb6 h4 58. Rb7 h3 59. d7 h2 60. Rb1 Rxd7 61. Rh1 Rd2 62. Kf5 f6 63. e5 fxe5 64. Kxe5 Kg6 65. Ke6 Kh5 66. Kf5 g4 67. Kf4 Kh4 68. Kf5 g3 69. Kf4 Kh3 70. Kf3 g2 71. Rb1 h1=Q 72. Rb8 Qf1+ 73. Ke3 Re2+ 74. Kd3 Qd1+ 75. Kc3 Rc2+ 76. Kb3 Qb1+ 77. Ka3 Ra2# 0-1


[Site "https://www.chess.com"]

[Event "Titled Tuesday Blitz February 22 Early 2022"]
[White "Sanchez Alvares, Kelvin Antonio"]
[Black "Rudykh, Stepan"]
[WhiteFideId "3906680"]
[BlackFideId "4180321"]
[WhiteElo "2193"]
[BlackElo "2131"]
[Result "1-0"]
[Round "05"]
[TimeControl "180+1"]
[Date "2022.02.22"]
[WhiteClock "0:01:00"]
[BlackClock "0:00:42"]

1. d4 e6 2. c4 f5 3. Nf3 Nf6 4. g3 Be7 5. Bg2 O-O 6. O-O d6 7. Nc3 Ne4 8. Qc2 Nxc3 9. Qxc3 a5 10. b3 Nc6 11. Bb2 Bf6 12. Rad1 Qe8 13. Qc2 e5 14. dxe5 dxe5 15. Ba3 Be7 16. Bxe7 Qxe7 17. Qb2 f4 18. Rd5 e4 19. Ne5 e3 20. fxe3 fxe3 21. Rxf8+ Qxf8 22. Nf3 Be6 23. Rb5 Rd8 24. Qc1 Nd4 25. Qxe3 Nxb5 26. Qxe6+ Kh8 27. cxb5 Qc5+ 28. e3 Qxb5 29. h4 h6 30. Ne5 Qe8 31. Nf7+ 1-0


[Site "https://www.chess.com"]

[Event "Titled Tuesday Blitz February 22 Early 2022"]
[White "Sarana, Alexey"]
[Black "Atakishiyev, Elmar"]
[WhiteFideId "24133795"]
[BlackFideId "13410547"]
[WhiteElo "2665"]
[BlackElo "2087"]
[Result "1-0"]
[Round "05"]
[TimeControl "180+1"]
[Date "2022.02.22"]
[WhiteClock "0:01:43"]
[BlackClock "0:01:11"]

1. d4 Nf6 2. c4 g6 3. Nc3 d5 4. cxd5 Nxd5 5. e4 Nxc3 6. bxc3 Bg7 7. Nf3 O-O 8. Be3 c5 9. Qd2 Qa5 10. Rc1 Rd8 11. d5 e6 12. Bg5 f6 13. Be3 Nc6 14. h4 b6 15. h5 Qa4 16. c4 exd5 17. exd5 Bg4 18. hxg6 hxg6 19. Nh4 Ne5 20. f4 Nf7 21. Nxg6 Re8 22. Kf2 Nd6 23. Bd3 Ne4+ 24. Bxe4 Rxe4 25. d6 f5 26. Qd5+ 1-0


[Site "https://www.chess.com"]

[Event "Titled Tuesday Blitz February 22 Early 2022"]
[White "Seifert, Henryk"]
[Black "Mayaud, Raphael"]
[WhiteFideId "1100963"]
[BlackFideId "627151"]
[WhiteElo "2120"]
[BlackElo "2191"]
[Result "0-1"]
[Round "05"]
[TimeControl "180+1"]
[Date "2022.02.22"]
[WhiteClock "0:01:14"]
[BlackClock "0:02:39"]

1. e4 d5 2. exd5 Qxd5 3. Nc3 Qa5 4. d4 c6 5. Nf3 Nf6 6. Bc4 Bf5 7. O-O e6 8. Ne5 Nbd7 9. Nxd7 Nxd7 10. Re1 Nf6 11. d5 cxd5 12. Bxd5 O-O-O 13. b4 Bxb4 0-1


[Site "https://www.chess.com"]

[Event "Titled Tuesday Blitz February 22 Early 2022"]
[White "Sellitti, Federico"]
[Black "Kamsky, Gata"]
[WhiteFideId "821829"]
[BlackFideId "2000024"]
[WhiteElo "2600"]
[BlackElo "2645"]
[Result "0-1"]
[Round "05"]
[TimeControl "180+1"]
[Date "2022.02.22"]
[WhiteClock "0:00:04"]
[BlackClock "0:00:45"]

1. e4 c5 2. Nc3 e6 3. g3 a6 4. Bg2 b5 5. d3 Bb7 6. f4 d5 7. exd5 Nf6 8. Nf3 Nxd5 9. Nxd5 Bxd5 10. O-O Be7 11. Bd2 O-O 12. a3 Bf6 13. Rb1 Nc6 14. Qe1 c4 15. Bc3 cxd3 16. cxd3 Bxf3 17. Bxf6 Qxf6 18. Bxf3 Rac8 19. Bxc6 Rxc6 20. Qe5 Qd8 21. Rf3 Rd6 22. f5 Rd5 23. Qe4 exf5 24. Rxf5 Rxd3 25. Rbf1 Qd4+ 26. Qxd4 Rxd4 27. Rc1 Rd7 28. Rc6 Ra8 29. Rfc5 g6 30. b4 Rd3 31. Rc3 Rd1+ 32. Kg2 Rd2+ 33. Kf3 Kg7 34. h4 h5 35. Re3 a5 36. Rb6 Rd5 37. Rc3 axb4 38. axb4 Rf5+ 39. Kg2 Ra4 40. Rc5 Rxb4 41. Rxf5 gxf5 42. Kf3 f6 43. Rb8 Kg6 44. Rg8+ Kh7 45. Rb8 Kg7 46. Rb7+ Kg6 47. Rb8 f4 48. gxf4 Kf5 49. Kg3 Rb3+ 50. Kg2 Kxf4 51. Rh8 Kg4 52. Rf8 f5 0-1


[Site "https://www.chess.com"]

[Event "Titled Tuesday Blitz February 22 Early 2022"]
[White "Serikbay, Assel"]
[Black "Tuleyeva-Aketayeva, Dana"]
[WhiteFideId "13706799"]
[BlackFideId "13701932"]
[WhiteElo "2130"]
[BlackElo "1944"]
[Result "1-0"]
[Round "05"]
[TimeControl "180+1"]
[Date "2022.02.22"]
[WhiteClock "0:00:20"]
[BlackClock "0:00:15"]

1. d4 Nf6 2. c4 e6 3. g3 c5 4. d5 exd5 5. cxd5 d6 6. Nc3 g6 7. Bg2 Bg7 8. Nf3 O-O 9. O-O a6 10. a4 Nbd7 11. e4 Re8 12. Qc2 b6 13. Re1 Nh5 14. g4 Nhf6 15. h3 h5 16. g5 Nh7 17. Bf4 Ne5 18. Bxe5 Bxe5 19. Nxe5 Rxe5 20. f4 Re8 21. Qf2 Ra7 22. Re3 Rae7 23. Rae1 Bd7 24. b3 b5 25. e5 Bf5 26. axb5 axb5 27. Nxb5 dxe5 28. fxe5 Qd7 29. Nd6 Rb8 30. Nxf7 Rxf7 31. e6 Bxe6 32. dxe6 Rxf2 33. exd7 Rff8 34. Bd5+ Kh8 35. Re8 Rd8 36. Rxd8 Rxd8 37. Re8+ Nf8 38. Rxd8 1-0


[Site "https://www.chess.com"]

[Event "Titled Tuesday Blitz February 22 Early 2022"]
[White "Shton, Roman"]
[Black "Clawitter, Craig"]
[WhiteFideId "14137461"]
[BlackFideId "2023105"]
[WhiteElo "2038"]
[BlackElo "2215"]
[Result "0-1"]
[Round "05"]
[TimeControl "180+1"]
[Date "2022.02.22"]
[WhiteClock "0:01:47"]
[BlackClock "0:00:14"]

1. d4 e6 2. Nf3 Nf6 3. g3 d5 4. Bg2 Be7 5. Kf1 O-O 6. b3 c5 7. Bb2 Nc6 8. e3 b6 9. h3 Bb7 10. Kg1 Rc8 11. a3 Ne4 12. Kh2 Nxf2 13. Qe2 Nxh1 14. Bxh1 Bf6 15. Nbd2 Re8 16. Ne5 cxd4 17. exd4 Nxe5 18. dxe5 Rxc2 19. exf6 Rxb2 20. fxg7 Qg5 21. Rd1 Rc8 22. h4 Qh6 23. Qe5 Rxd2+ 24. Rxd2 Qxd2+ 25. Kh3 Qh6 26. g4 Qxg7 27. Qd6 Rc3+ 28. Kh2 Rc2+ 29. Kh3 Qc3+ 30. Qg3 Qxg3+ 31. Kxg3 Rc3+ 32. Kf4 Rxb3 33. Kg5 Rxa3 34. h5 Rg3 35. h6 Bc8 36. Kf6 e5 37. g5 Rh3 38. Bxd5 Be6 39. Be4 Rg3 40. Bb1 a5 41. g6 hxg6 42. Bf5 Bxf5 43. Kxe5 a4 0-1


[Site "https://www.chess.com"]

[Event "Titled Tuesday Blitz February 22 Early 2022"]
[White "Shtyka, Sergey"]
[Black "Coelho, Ramyres Santana"]
[WhiteFideId "4138465"]
[BlackFideId "2120690"]
[WhiteElo "2014"]
[BlackElo "1888"]
[Result "1-0"]
[Round "05"]
[TimeControl "180+1"]
[Date "2022.02.22"]
[WhiteClock "0:00:55"]
[BlackClock "0:00:08"]

1. e4 c5 2. Nf3 d6 3. d4 cxd4 4. Nxd4 Nf6 5. Nc3 a6 6. Bc4 e6 7. O-O Be7 8. Be3 O-O 9. f4 b5 10. Bd3 Bb7 11. a3 Nbd7 12. Qf3 Nc5 13. Rae1 Nxd3 14. cxd3 Rc8 15. Rc1 Qa5 16. Nb3 Qd8 17. Rc2 d5 18. e5 Nd7 19. Nd4 Nc5 20. Rd2 Na4 21. Nxa4 bxa4 22. f5 exf5 23. Nxf5 Bc5 24. Bxc5 Rxc5 25. d4 Rc4 26. Qg4 g6 27. Nd6 Rc7 28. Rdf2 Bc8 29. Qf3 Be6 30. Qg3 Qe7 31. h4 h5 32. Rf6 Kg7 33. Qg5 Rd7 34. R1f3 Rxd6 35. Rxg6+ fxg6 36. Qxe7+ Rf7 37. Rxf7+ Bxf7 38. exd6 a5 39. d7 g5 40. Qxg5+ Kh7 41. d8=Q Be8 42. Qxa5 Bd7 43. g3 Kh8 44. Kf2 Kh7 45. Ke3 Kh8 46. Kd2 Kh7 47. Kc3 Kh8 48. Kb4 Kh7 49. Kc5 Be6 50. Kd6 Bf7 51. Ke7 Bg6 52. Kf6 Kh8 53. Kxg6 Kg8 54. Qad8# 1-0


[Site "https://www.chess.com"]

[Event "Titled Tuesday Blitz February 22 Early 2022"]
[White "Shuvalov, Evgenij"]
[Black "Lauridsen, Jesper Morch"]
[WhiteFideId "4187237"]
[BlackFideId "1401890"]
[WhiteElo "2119"]
[BlackElo "2276"]
[Result "1/2-1/2"]
[Round "05"]
[TimeControl "180+1"]
[Date "2022.02.22"]
[WhiteClock "0:00:10"]
[BlackClock "0:00:06"]

1. Nf3 g6 2. c4 Bg7 3. d4 c5 4. d5 d6 5. h3 e6 6. e4 exd5 7. exd5 Ne7 8. Bd3 O-O 9. O-O Nf5 10. Re1 Nd4 11. Nxd4 cxd4 12. Nd2 Nd7 13. Nf3 Nc5 14. Bf1 Bf5 15. Nxd4 Qh4 16. Nxf5 gxf5 17. Rb1 Rae8 18. Be3 f4 19. Bxc5 Rxe1 20. Qxe1 dxc5 21. b4 b6 22. bxc5 bxc5 23. Qe4 Bd4 24. Qf3 Kh8 25. Bd3 Rg8 26. Rf1 Rg3 27. Qe4 Qxh3 28. d6 f3 29. Qxf3 Rxf3 30. gxh3 Rxd3 31. Rb1 Be5 32. Rb7 Kg7 33. d7 Bf6 34. Rxa7 h5 35. Kg2 h4 36. a4 Rd4 37. a5 Rxc4 38. Ra6 Rd4 39. Ra7 c4 40. Rc7 c3 41. a6 Rd2 42. a7 Ra2 43. Rc6 Rxa7 44. Rxf6 Rxd7 45. Rc6 Rd3 46. Rc4 f6 47. Rxh4 Rd2 48. Rc4 c2 49. Kf3 Rd3+ 50. Ke2 Rxh3 51. Rxc2 Rb3 52. Rc4 Ra3 1/2-1/2


[Site "https://www.chess.com"]

[Event "Titled Tuesday Blitz February 22 Early 2022"]
[White "Shuvalova, Polina"]
[Black "Kostiukov, Alexandr"]
[WhiteFideId "24171760"]
[BlackFideId "14108100"]
[WhiteElo "2355"]
[BlackElo "2202"]
[Result "1-0"]
[Round "05"]
[TimeControl "180+1"]
[Date "2022.02.22"]
[WhiteClock "0:00:12"]
[BlackClock "0:00:03"]

1. e4 c5 2. Nf3 g6 3. c3 Bg7 4. d4 cxd4 5. cxd4 d5 6. e5 Nh6 7. h3 O-O 8. Nc3 Nc6 9. Bb5 f6 10. O-O Nf5 11. Re1 fxe5 12. Bxc6 bxc6 13. Nxe5 Qb6 14. Be3 Bxe5 15. dxe5 d4 16. Na4 Qb5 17. Bg5 h6 18. Bd2 g5 19. Rc1 Be6 20. b3 Bd5 21. Nc5 Rad8 22. Qe2 Qxe2 23. Rxe2 e6 24. f3 Rf7 25. Nd3 Rb7 26. Be1 Kf7 27. Bf2 a5 28. Nc5 Rb5 29. Rec2 h5 30. Nd3 h4 31. Kf1 Rdb8 32. Ke2 Ke7 33. Nc5 1-0


[Site "https://www.chess.com"]

[Event "Titled Tuesday Blitz February 22 Early 2022"]
[White "Singh, Arvinder Preet"]
[Black "Matveeva, Olga"]
[WhiteFideId "5013240"]
[BlackFideId "24107018"]
[WhiteElo "2147"]
[BlackElo "2083"]
[Result "1-0"]
[Round "05"]
[TimeControl "180+1"]
[Date "2022.02.22"]
[WhiteClock "0:00:35"]
[BlackClock "0:00:16"]

1. e4 e6 2. d4 d5 3. Nc3 Bb4 4. exd5 exd5 5. Bd3 Nf6 6. Ne2 O-O 7. O-O Re8 8. Bg5 c6 9. Ng3 Nbd7 10. Qd2 Nf8 11. Rfe1 Ne6 12. Bh4 Bd7 13. Re2 Be7 14. Rae1 Qc7 15. Nf5 Bd8 16. Bg3 Qa5 17. Nd6 Rf8 18. Nxb7 Qb4 19. Nxd8 Raxd8 20. Ne4 Qxd4 21. c3 Qb6 22. Nxf6+ gxf6 23. Qh6 Ng5 24. h4 1-0


[Site "https://www.chess.com"]